 Dungeon Crawl Stone Soup version 0.30-b1-2-g02819fbbbe (webtiles) character file.

Game seed: 13059582764585131114

24189 sanka the Brawler (level 12, -73/122 HPs)
             Began as a Troll Monk on May 11, 2023.
             Was the Champion of Okawaru.
             Annihilated by a titanic slime creature (97 damage)
             ... on level 13 of the Dungeon.
             The game lasted 00:21:29 (10652 turns).

sanka the Brawler (Troll Monk)                     Turns: 10652, Time: 00:21:30

Health: -73/122    AC:  6    Str: 26    XL:     12   Next: 78%
Magic:  15/16      EV: 20    Int:  6    God:    Okawaru [******]
Gold:   761        SH: 15    Dex: 18    Spells: 11/11 levels left

rFire   . .          .
                       - Unarmed
rCold   + + +        B - +3 kite shield of the Great Game {rElec rC+++ SInv Stlth-}
rNeg    . . .        Q - +0 troll leather armour
rPois   .            (helmet restricted)
rElec   +            (no cloak)
rCorr   .            (gloves unavailable)
SInv    +            (boots unavailable)
Will    .....        (no amulet)
Stlth   ++           y - +6 ring of dexterity
HPRegen 2.00/turn    d - +5 ring of evasion
MPRegen 0.15/turn

%: no passive effects
@: about to teleport, heroic
A: large, unfitting armour, claws 3, regeneration 1, shaggy fur 1, tough skin 1
a: Renounce Religion, Heroism, Finesse, Duel


You were on level 13 of the Dungeon.
You worshipped Okawaru.
Okawaru was exalted by your worship.
You visited 2 branches of the dungeon, and saw 14 of its levels.
You also visited: Ossuary.

You collected 852 gold pieces.
You spent 91 gold pieces at shops.

Inventory:

Hand Weapons
 b - a +5 scimitar of flaming {hydra slayer}
Missiles
 v - 3 throwing nets {=f}
 C - 5 curare-tipped darts {=f}
 D - 16 large rocks {=f}
 E - 8 javelins
Armour
 c - an orb of light
 B - the +3 kite shield of the Great Game (worn) {rElec rC+++ SInv Stlth-}
   (Okawaru gifted it to you on level 10 of the Dungeon)

   rC:        It renders you almost immune to cold.
   rElec:     It insulates you from electricity.
   SInv:      It lets you see invisible.
   Stlth:     It makes you less stealthy.
 I - an orb of wrath
 Q - a +0 troll leather armour (worn)
Jewellery
 a - a +6 ring of dexterity
 d - a +5 ring of evasion (right claw)
 f - a ring of positive energy
 y - a +6 ring of dexterity (left claw)
 J - a ring of fire
 S - a +6 ring of strength
Wands
 k - a wand of polymorph (8)
 n - a wand of flame (20)
 H - a wand of mindburst (25)
 O - a wand of digging (3)
Scrolls
 h - 6 scrolls of fog
 j - 5 scrolls of enchant armour
 l - 9 scrolls of teleportation {@r4}
 p - 3 scrolls of vulnerability {!r}
 s - 5 scrolls of magic mapping
 u - a scroll of blinking
 x - 4 scrolls of noise {!r}
 z - 2 scrolls of immolation {!r}
 A - a scroll of torment {!r}
 L - 2 scrolls of poison {!r}
 P - a scroll of enchant weapon
Potions
 e - 3 potions of attraction {!q}
 g - 5 potions of haste {@q3}
 i - 3 potions of mutation {!q}
 m - a potion of lignification {unknown}
 o - 5 potions of heal wounds {@q2}
 q - 5 potions of curing {@q1}
 r - 3 potions of berserk rage {!q}
 t - 2 potions of magic {unknown}
 w - 3 potions of cancellation
 F - 4 potions of brilliance {unknown}
 G - a potion of flight {unknown}
 K - a potion of invisibility
 M - 2 potions of might {unknown}
 N - 3 potions of ambrosia
 R - a potion of resistance {unknown}


   Skills:
 + Level 8.5(13.5) Fighting
 + Level 6.1(11.1) Dodging
 + Level 4.8(9.8) Shields
 * Level 15.9(20.9) Unarmed Combat
 - Level 7.0 Invocations


You had 11 spell levels left.
You didn't know any spells.
Your spell library contained the following spells:

 Spells                   Type           Power      Damage    Failure   Level
 Foxfire                  Conj/Fire      0%         2x1d4     67%         1
 Blink                    Tloc           0%         N/A       82%         2
 Lesser Beckoning         Tloc           0%         N/A       82%         2
 Momentum Strike          Conj/Tloc      0%         3d8       82%         2
 Sublimation of Blood     Necr           0%         N/A       82%         2
 Gell's Gravitas          Tloc           0%         N/A       96%         3
 Teleport Other           Tloc           0%         N/A       96%         3
 Vhi's Electric Charge    Tloc/Air       0%         N/A       96%         3
 Passage of Golubria      Tloc           0%         N/A       100%        4
 Petrify                  Tmut/Erth      0%         N/A       100%        4
 Arcjolt                  Conj/Air       0%         1d10      100%        5
 Borgnjor's Vile Clutch   Necr/Erth      0%         N/A       100%        5
 Fireball                 Conj/Fire      0%         3d3       100%        5
 Irradiate                Conj/Tmut      0%         3d11      100%        5
 Yara's Violent Unravell  Hex/Tmut       0%         3d3       100%        5
 Plasma Beam              Fire/Air       0%         2x1d11    100%        6
 Starburst                Conj/Fire      0%         6d3       100%        6
 Maxwell's Capacitive Co  Air            0%         ∞         100%        8
 Tukima's Dance           Hex            Unusable   N/A       N/A         3
 Animate Dead             Necr           Unusable   N/A       N/A         4
 Death Channel            Necr           Unusable   N/A       N/A         6

Dungeon Overview and Level Annotations

Branches:
Dungeon (13/15)            Temple (1/1) D:5            Lair (0/5) D:9
    Orc (0/2) D:9         Ossuary (visited)
 Vaults: D:13-14

Altars:
Ashenzari
Cheibriados
Dithmenos
Elyvilon
Fedhas
Gozag
Hepliaklqana
Kikubaaqudgha
Makhleb
Nemelex Xobeh
Okawaru
Qazlal
Ru
Sif Muna
Trog
Uskayaw
Vehumet
Wu Jian
Xom
Yredelemnul
Zin
The Shining One

Shops:
D:6 :   D:10 *   D:12 [

Annotations:
D:9 exclusion: 2 downstairs


Innate Abilities, Weirdness & Mutations

You are too large for most types of armour.
You have claws for hands.
Your natural rate of healing is unusually fast.
You are covered in fur. (AC +1)
You have tough skin. (AC +1)


Message History

The centaur warrior shoots an arrow.
The arrow hits you!! The centaur misses you. You block the centaur's attack.
Unknown command.
Unknown command.
You mangle the enormous slime creature!!
The enormous slime creature is moderately wounded.
Two slime creatures merge to form a titanic slime creature.
You block the slime creature's attack.
Two slime creatures merge to form a large slime creature.
You block the centaur's attack. x2
Unknown command.
Unknown command.
You scratch the large slime creature but do no damage.
The large slime creature is moderately wounded.
The centaur hits you but does no damage.
You block the centaur's attack.
Unknown command.
You mangle the large slime creature!!
The large slime creature is heavily wounded.
The centaur warrior unwields a +0 shortbow.
You block the centaur warrior's attack.
The centaur warrior completely misses you.
The centaur unwields a +0 shortbow.
The centaur closely misses you. You block the centaur's attack.
The centaur hits you but does no damage.
You block the centaur's attack.
Two slime creatures merge to form a very large slime creature.
The titanic slime creature hits you!!!
* * * LOW HITPOINT WARNING * * *
Unknown command.
Unknown command.
As you read the scroll of teleportation {@r4}, it crumbles to dust.
You feel strangely unstable. The centaur warrior hits you.
* * * LOW HITPOINT WARNING * * *
You block the centaur warrior's attack. You block the centaur's attack.
The centaur barely misses you. The centaur misses you.
You block the centaur's attack. You block the centaur warrior's attack.
The centaur warrior misses you. The titanic slime creature hits you!!!!
Ouch! That really hurt!
You die...

#.......)..........#
#......)###...#....#
#.......# #...#....#
#.......# #...#....#
#####.......#
#...#....###
#$..........#
#...#...<...
#...........#
#...####....
..........c.# #...#
#.... .........@J.#
#...# #....
....#...ccJ.# #####
#.... .######..J..#
#.... . #.......
...... #..#.....
....... #..#.......
....... #.. .......
....... #..
...[............
...........


You could see a titanic slime creature, a very large slime creature, a slime
creature, a centaur warrior and 2 centaurs.

Vanquished Creatures
  Fannar (D:10)
  3 two-headed ogres
  2 boulder beetles
  A tengu warrior (D:11)
  A deep troll earth mage (D:11)
  Nergalle (D:11)
  Pikel (D:4)
  The ghost of Clive the Cleaver, a novice MiFi (D:6)
  A phantasmal warrior (D:11)
  2 cyclopes
  2 ugly things
  A manticore (D:9)
  4 gargoyles
  2 komodo dragons
  A kobold demonologist (D:11)
  An efreet (D:9)
  9 trolls
  The ghost of zero the Insei, an amateur OpTm (D:5)
  Prince Ribbit (D:5)
  3 slime creatures (D:13)
  A vampire (D:9)
  4 shadows
  4 wyverns
  22 yaks
  3 wraiths
  A basilisk (D:13)
  7 vampire mosquitoes
  4 acid dragons
  Duvessa (D:7)
  5 orc warriors
  A black bear (D:4)
  3 ogres
  10 centaurs
  2 phantoms
  5 kobold brigands
  2 lemures (D:4)
  A bullfrog (D:9)
  A gnoll sergeant (D:12)
  2 scorpions
  A wight (D:9)
  Dowan (D:7)
  6 killer bees
  5 howler monkeys
  2 gnoll boudas
  4 hounds
  A jelly (D:6)
  7 orc priests
  A sleepcap (D:5)
  8 iguanas
  17 orc wizards
  A mummy (Ossuary)
  Robin (D:2)
  6 adders
  17 gnolls
  A shadow imp (D:8)
  A white imp (D:6)
  3 ufetubi
  A worm (D:3)
  3 dart slugs
  30 orcs
  4 spectral bats (Ossuary)
  6 ball pythons
  6 endoplasms
  5 giant cockroaches
  12 gnoll zombies (Ossuary)
  9 hobgoblins
  21 kobolds
  2 quokkas (D:3)
  3 bats
  2 bat simulacra (Ossuary)
  7 frilled lizards
  16 goblins
  6 goblin simulacra (Ossuary)
  5 goblin zombies (Ossuary)
  5 hobgoblin zombies (Ossuary)
  4 kobold simulacra (Ossuary)
  3 kobold zombies (Ossuary)
  5 orc zombies (Ossuary)
  7 rats
  3 rat simulacra (Ossuary)
  2 spectral goblins (Ossuary)
  A spectral kobold (Ossuary)
  4 spectral rats (Ossuary)
373 creatures vanquished.

Vanquished Creatures (others)
  A vampire mosquito (D:13)
  3 fungi (D:9)
  6 plants (D:9)
10 creatures vanquished.

Grand Total: 383 creatures vanquished

Notes
Turn   | Place    | Note
-------+----------+-------------------------------------------
     0 | D:1      | sanka the Troll Monk began the quest for the Orb.
     0 | D:1      | Reached XP level 1. HP: 22/22 MP: 0/0
   137 | D:1      | Reached XP level 2. HP: 29/29 MP: 1/1
   262 | D:1      | Reached skill level 4 in Unarmed Combat
   737 | D:2      | Reached XP level 3. HP: 29/36 MP: 2/2
   759 | D:2      | Noticed Robin
   787 | D:2      | Reached XP level 4. HP: 23/44 MP: 3/3
   844 | D:2      | Killed Robin
   845 | D:2      | Reached skill level 5 in Unarmed Combat
   968 | D:2      | Found a blossoming altar of Fedhas.
  1222 | D:2      | Reached XP level 5. HP: 47/50 MP: 4/4
  1226 | D:2      | Reached skill level 6 in Unarmed Combat
  1535 | D:3      | Found a sacrificial altar of Ru.
  1903 | D:4      | Noticed a lemure
  1909 | D:4      | Killed a lemure
  1910 | D:4      | Noticed Pikel
  1910 | D:4      | Noticed a lemure
  1910 | D:4      | Noticed a lemure
  1911 | D:4      | Noticed a lemure
  1931 | D:4      | Killed a lemure
  1941 | D:4      | Killed Pikel
  1942 | D:4      | Reached skill level 8 in Unarmed Combat
  1942 | D:4      | Reached XP level 6. HP: 6/59 MP: 5/5
  1942 | D:4      | Reached XP level 7. HP: 7/66 MP: 6/6
  2124 | D:4      | Reached skill level 9 in Unarmed Combat
  2665 | D:4      | Reached XP level 8. HP: 74/74 MP: 7/7
  2961 | D:4      | Reached skill level 10 in Unarmed Combat
  3041 | D:5      | Entered Level 5 of the Dungeon
  3297 | D:5      | Found a staircase to the Ecumenical Temple.
  3297 | D:5      | Noticed Prince Ribbit
  3299 | D:5      | Found a runed translucent door.
  3315 | D:5      | Killed Prince Ribbit
  3351 | D:5      | Noticed zero's ghost (amateur OpTm)
  3592 | Temple   | Entered the Ecumenical Temple
  3612 | Temple   | Became a worshipper of Warmaster Okawaru
  3612 | Temple   | Reached * piety under Okawaru
  3612 | Temple   | Reached ** piety under Okawaru
  3859 | D:5      | Reached skill level 1 in Invocations
  4113 | D:5      | Killed zero's ghost
  4114 | D:5      | Reached XP level 9. HP: 80/85 MP: 9/9
  4171 | D:6      | Reached skill level 11 in Unarmed Combat
  4215 | D:6      | Found a hazy altar of Hepliaklqana.
  4215 | D:6      | Found an ancient bone altar of Kikubaaqudgha.
  4216 | D:6      | Found a broken altar of Ashenzari.
  4231 | D:6      | Found a hide-covered altar of Uskayaw.
  4449 | D:6      | Found Wuji's Book Boutique.
  4478 | D:6      | Reached *** piety under Okawaru
  4534 | D:6      | Found a large runed translucent door.
  4534 | D:6      | Found a large runed translucent door.
  4535 | D:6      | Noticed Clive's ghost (novice MiFi)
  4900 | D:6      | Killed Clive's ghost
  4967 | D:7      | Reached skill level 5 in Fighting
  5089 | D:7      | Reached **** piety under Okawaru
  5139 | D:7      | Found a sand-covered staircase.
  5144 | Ossuary  | Entered an ossuary
  5648 | D:7      | Noticed Duvessa
  5649 | D:7      | Noticed Dowan
  5653 | D:7      | Killed Duvessa
  5654 | D:7      | Reached skill level 12 in Unarmed Combat
  5660 | D:7      | Killed Dowan
  5848 | D:7      | Reached XP level 10. HP: 78/96 MP: 12/12
  6468 | D:8      | Identified the +1 robe of Somewhere Else {rC+ Regen+ Str-5}
  7003 | D:9      | Found a staircase to the Orcish Mines.
  7040 | D:9      | Noticed a brown ugly thing
  7059 | D:9      | Killed a brown ugly thing
  7060 | D:9      | Reached skill level 5 in Invocations
  7106 | D:9      | Reached ***** piety under Okawaru
  7112 | D:9      | Noticed a gargoyle
  7124 | D:9      | Killed a gargoyle
  7125 | D:9      | Reached skill level 13 in Unarmed Combat
  7132 | D:9      | Received a gift from Okawaru
  7251 | D:9      | Found an opulent altar of Gozag.
  7286 | D:9      | Reached skill level 5 in Dodging
  7443 | D:9      | Noticed a manticore
  7452 | D:9      | Killed a manticore
  7453 | D:9      | Reached XP level 11. HP: 52/107 MP: 11/14
  7565 | D:9      | Noticed a two-headed ogre
  7572 | D:9      | Killed a two-headed ogre
  7624 | D:9      | Found a shimmering blue altar of Sif Muna.
  7638 | D:9      | Found a staircase to the Lair.
  7663 | D:9      | Found a white marble altar of Elyvilon.
  7844 | D:10     | Entered Level 10 of the Dungeon
  7867 | D:10     | Found Uddoryap's General Store.
  7959 | D:10     | Bought a scroll of identify for 26 gold pieces
  7959 | D:10     | Bought a scroll of identify for 26 gold pieces
  7959 | D:10     | Bought a scroll of teleportation for 39 gold pieces
  8009 | D:10     | Reached skill level 14 in Unarmed Combat
  8039 | D:10     | Identified the +3 kite shield of the Great Game {rElec
                  | rC+++ SInv Stlth-} (Okawaru gifted it to you on level 10 of
                  | the Dungeon)
  8039 | D:10     | Received a gift from Okawaru
  8074 | D:10     | Noticed Fannar
  8100 | D:10     | Killed Fannar
  8395 | D:10     | Reached skill level 1 in Shields
  8482 | D:10     | You fall into a shaft and drop 1 floor!
  8747 | D:11     | Noticed a soul eater
  8775 | D:11     | Noticed a sun demon
  8782 | D:11     | Reached ****** piety under Okawaru
  8835 | D:11     | Noticed a two-headed ogre
  8847 | D:11     | Killed a two-headed ogre
  8872 | D:11     | Noticed a boulder beetle
  8880 | D:11     | Killed a boulder beetle
  9000 | D:11     | Noticed a deep troll earth mage
  9010 | D:11     | Killed a deep troll earth mage
  9014 | D:11     | Reached XP level 12. HP: 45/119 MP: 13/16
  9067 | D:11     | Noticed a tengu warrior
  9085 | D:11     | Killed a tengu warrior
  9086 | D:11     | Reached skill level 15 in Unarmed Combat
  9138 | D:11     | Noticed Nergalle
  9149 | D:11     | Killed Nergalle
  9301 | D:11     | Noticed a two-headed ogre
  9312 | D:11     | Killed a two-headed ogre
  9796 | D:12     | Found Siuzuvem's Armour Shop.
 10541 | D:13     | Identified the -2 hat of Neid {Str+2} (Okawaru gifted it to
                  | you on level 13 of the Dungeon)
 10541 | D:13     | Received a gift from Okawaru
 10590 | D:13     | Noticed a boulder beetle
 10590 | D:13     | Noticed a centaur warrior
 10618 | D:13     | Killed a boulder beetle
 10652 | D:13     | Annihilated by a titanic slime creature

Illustrated notes

Levels and vault maps discovered:
D:1:      nicolae_arrival_memento_mori, layout_loops_cross
D:2:      cheibrodos_pilgrimage, layout_rooms, basic_altar, uniq_robin
D:3:      minmay_chambers_of_threes, layout_rooms,
          nicolae_ru_great_annihilating_truth
D:4:      kennysheep_spiral_hall, layout_layer_cave, uniq_pikel
D:5:      nicolae_cairo_tiling_large, layout_basic,
          hellmonk_ghost_happy_afterlife, grunt_decor_junction,
          uniq_prince_ribbit1
D:6:      layout_rooms, nicolae_overflow_quartered_altars,
          ebering_ghost_disaster_area, serial_shops, shop
D:7:      layout_basic, enter_ossuary_2, uniq_duvessa
D:8:      layout_gridville
D:9:      cheibrodos_fzero, layout_rooms, kennysheep_mini_moat,
          mainiacjoe_overflow_24_doors, general_overflow_altar,
          grunt_lair_entry_orc_guard_hut
D:10:     layout_gridville, serial_shops, shop, uniq_fannar
D:11:     nzn_winding_woodlands_medium [nzn_winding_woodlands_5x5_checkerboard,
          nzn_winding_woodlands_5x15_sidewinder,
          nzn_winding_woodlands_5x5_cross, nzn_winding_woodlands_5x5_open_star,
          nzn_winding_woodlands_center_lodge, nzn_winding_woodlands_5x5_three,
          nzn_winding_woodlands_5x5_perimeter,
          nzn_winding_woodlands_5x15_default,
          nzn_winding_woodlands_5x5_default], layout_gridville, uniq_nergalle
D:12:     layout_roguey, serial_shops, shop
D:13:     layout_basic, ploomutoo_gammafunk_ghost_potion_laboratory,
          nicolae_qazlal_eye_of_the_storm
Temple:   nicolae_temple_two_arcs

Skill      XL: |  1  2  3  4  5  6  7  8  9 10 11 12 |
---------------+-------------------------------------+-----
Unarmed Combat | 4 5 8 9 10 12 13 14 15 | 15.9
Fighting       | 4 5 6 7 8 |  8.5
Invocations    | 2 4 5 7 |  7.0
Dodging        | 3 5 6 |  6.1
Shields        | 2 4 |  4.8

Action                     |  1- 3 |  4- 6 |  7- 9 | 10-12 || total
---------------------------+-------+-------+-------+-------++-------
  Melee: Unarmed           |    69 |    95 |   314 |   435 ||   913
 Invoke: Heroism           |       |       |     2 |     7 ||     9
    Use: Scroll            |       |       |     9 |    14 ||    23
         Potion            |       |       |       |     1 ||     1
   Stab: Paralysed         |       |     1 |       |       ||     1
 Armour: Robe              |    17 |    19 |    56 |    19 ||   111
         Skin              |       |     3 |       |       ||     3
         Troll leather arm |       |       |       |    32 ||    32
  Dodge: Dodged            |    40 |    45 |   156 |   273 ||   514
  Block: Kite shield       |       |       |       |   181 ||   181
